 Dungeon Crawl Stone Soup version 0.22.1-2-g9c5b331383 (webtiles) character file.

81 LLavrengius the Caller (level 4, 0/34 HPs)
             Began as a Barachi Summoner on Nov 19, 2018.
             Was a Believer of Uskayaw.
             Slain by a gnoll
             ... wielding a +0 club
              (9 damage)
             ... on level 3 of the Dungeon on Nov 20, 2018.
             The game lasted 00:09:31 (2863 turns).

LLavrengius the Caller (Barachi Summoner)           Turns: 2863, Time: 00:09:32

Health: 0/34       AC:  3    Str:  9    XL:     4   Next: 40%
Magic:  7/7        EV: 12    Int: 17    God:    Uskayaw [**....]
Gold:   134        SH:  0    Dex: 12    Spells: 4/7 levels left

rFire    . . .     SeeInvis +   l - +1 quarterstaff (drain)
rCold    . . .     Gourm    .   (shield currently unavailable)
rNeg     . . .     Faith    .   a - +0 robe
rPois    .         Spirit   .   (no helmet)
rElec    .         Reflect  .   i - +0 cloak
rCorr    .         Harm     .   (no gloves)
MR       .....                  (no boots)
Stlth    ++........             (no amulet)
HPRegen  0.11/turn              m - ring of see invisible
MPRegen  0.10/turn              (no ring)

@: slow
A: +LOS, swims, slowness 1, strong legs 1
a: Hop, Stomp, Line Pass, Renounce Religion


You were on level 3 of the Dungeon.
You worshipped Uskayaw.
Uskayaw was noncommittal.
You were not hungry.

You visited 1 branch of the dungeon, and saw 3 of its levels.

You collected 134 gold pieces.

Inventory:

Hand Weapons
 d - a +0 club
 l - a +1 quarterstaff of draining (weapon)
 n - a +0 spear
Armour
 a - a +0 robe (worn)
 i - a +0 cloak (worn)
Jewellery
 m - a ring of see invisible (left hand)
Wands
 o - a wand of flame (29)
Scrolls
 b - 4 scrolls of identify {unknown}
 e - 2 scrolls of amnesia {unknown}
 f - a scroll of blinking {unknown}
 g - a scroll of teleportation {unknown}
 j - 2 scrolls of enchant armour {unknown}
 k - a scroll of enchant weapon {unknown}
 p - a scroll of remove curse {unknown}
Potions
 h - a potion of curing {unknown}
Comestibles
 c - 3 rations


   Skills:
 + Level 2.5 Fighting
 - Level 2.1 Dodging
 - Level 1.7 Stealth
 - Level 2.1 Spellcasting
 + Level 6.3 Summonings


You had 4 spell levels left.
You knew the following spells:

 Your Spells              Type           Power        Failure   Level  Hunger
a - Summon Small Mammal   Summ           ###.         1%          1    #......
b - Call Imp              Summ           ###.....     2%          2    ###....

Your spell library contained the following spells:

 Spells                   Type           Power        Failure   Level  Hunger
 Call Canine Familiar     Summ           ###.....     4%          3    ###....
 Summon Guardian Golem    Hex/Summ       ##......     16%         3    ###....
 Summon Ice Beast         Ice/Summ       ##......     45%         4    #####..
 Summon Lightning Spire   Summ/Air       ##......     45%         4    #####..


Dungeon Overview and Level Annotations

Branches:
Dungeon (3/15)

Altars:
Cheibriados
Ru
Uskayaw
Xom
Zin

Annotations:
D:3 Sigmund


Innate Abilities, Weirdness & Mutations

Shadows flee at your approach. (+LOS)
You can swim through water.
You cover ground slowly.
You can hop short distances.


Message History

The bat hits you.
The gnoll throws a javelin.
The javelin closely misses you.
You sock the bat!
You kill the bat!
The gnoll closely misses you.
Sigmund shouts!
You sock the gnoll! You drain the gnoll!
The gnoll is almost dead.
The gnoll hits you with a halberd!
* * * LOW HITPOINT WARNING * * *
An ice beast comes into view.
You can now pass through a line of other dancers.
You are too injured to fight recklessly!
You are too injured to fight recklessly!
A gnoll and an orc come into view.
The gnoll shouts!
The orc shouts!
The gnoll barely misses you. The gnoll hits you but does no damage.
You sock the gnoll!
The gnoll is severely wounded.
The gnoll barely misses you. The gnoll hits you with a club!
You die...

##### # #...# .. #####
#...# ... #...# #...#
.... ##...########...##
..o..
.............(((.##@.....
##...########...†........
##...# #..g@##.#...
##...# #.##g# ##...#
#.#.... ##...# ..#g.<...
.)#### .#.#........
..##### #.#...........
....[.... . ............
..######### ...........
..# .......#...


You could see Sigmund, 3 gnolls and an orc.

Vanquished Creatures
  Robin (D:3)
  An adder (D:3)
  A worm (D:3)
  3 dart slugs
  2 giant cockroaches
  8 goblins
  6 hobgoblins
  9 bats
  2 frilled lizards
  A kobold (D:1)
  5 rats
39 creatures vanquished.

Vanquished Creatures (collateral kills)
  A worm (D:2)
  2 dart slugs (D:1)
  A leopard gecko (D:2)
  7 goblins
  5 hobgoblins
  3 kobolds
  A rat (D:1)
20 creatures vanquished.

Grand Total: 59 creatures vanquished

Notes
Turn   | Place    | Note
-------+----------+-------------------------------------------
     0 | D:1      | LLavrengius the Barachi Summoner began the quest for the
                  | Orb.
     0 | D:1      | Reached XP level 1. HP: 13/13 MP: 3/3
    36 | D:1      | Reached skill level 5 in Summonings
   205 | D:1      | Reached XP level 2. HP: 17/19 MP: 3/5
   575 | D:1      | Learned a level 2 spell: Call Imp
  1251 | D:2      | Reached skill level 1 in Fighting
  1251 | D:2      | Reached XP level 3. HP: 24/26 MP: 6/6
  2202 | D:2      | Reached skill level 6 in Summonings
  2301 | D:2      | Found a snail-covered altar of Cheibriados.
  2593 | D:3      | Found a hide-covered altar of Uskayaw.
  2593 | D:3      | Found a faded altar of an unknown god.
  2599 | D:3      | Found a sacrificial altar of Ru.
  2599 | D:3      | Noticed Robin
  2620 | D:3      | Reached XP level 4. HP: 18/33 MP: 2/7
  2644 | D:3      | Killed Robin
  2655 | D:3      | Found a shimmering altar of Xom.
  2657 | D:3      | Found a glowing silver altar of Zin.
  2771 | D:3      | Became a worshipper of Uskayaw the Reveler
  2771 | D:3      | Reached * piety under Uskayaw
  2855 | D:3      | Noticed Sigmund
  2861 | D:3      | Noticed an ice beast
  2861 | D:3      | Reached ** piety under Uskayaw
  2863 | D:3      | Slain by a gnoll

Skill      XL: |  1  2  3 |
---------------+----------+-----
Summonings     | 5 6 |  6.3
Fighting       | 1 2 |  2.5
Dodging        | |  2.1
Stealth        | |  1.7
Spellcasting   | |  2.1

Action                   |  1- 3 |  4- 6 || total
-------------------------+-------+-------++-------
Melee: Club              |   118 |       ||   118
       Unarmed           |     7 |       ||     7
       Quarterstaff      |    17 |    18 ||    35
 Cast: Summon Small Mamm |    28 |     1 ||    29
       Call Imp          |     1 |     1 ||     2
 Stab: Sleeping          |     6 |       ||     6
  Eat: Chunk             |     6 |     2 ||     8
Armor: Robe              |    46 |     6 ||    52
Dodge: Dodged            |   130 |    17 ||   147
